 Dungeon Crawl Stone Soup version 0.24-a0-545-gd1b266bae6 (webtiles) character file.

Game seed: 14806635949544949423

105028 GordonOverkill the Impaler (level 16, -3/155 HPs)
             Began as a Merfolk Chaos Knight on Aug 17, 2019.
             Was a Plaything of Xom.
             Slain by a sun demon (4 damage)
             ... led by a balrug
             ... on level 4 of the Abyss on Aug 18, 2019.
             The game lasted 01:18:25 (23775 turns).

GordonOverkill the Impaler (Merfolk Chaos Knight)  Turns: 23775, Time: 01:18:26

Health: -3/155     AC: 29    Str: 19    XL:     16   Next: 40%
Magic:  21/21      EV: 11    Int: 13    God:    Xom [....*.]
Gold:   1702       SH:  0    Dex: 14    Spells: 15/15 levels left

rFire    + + .     SeeInvis .   G - +7 glaive (chop)
rCold    . . .     Gourm    .   (shield currently unavailable)
rNeg     . . .     Faith    .   D - +2 plate armour {rF+}
rPois    +         Spirit   .   H - +2 helmet
rElec    .         Reflect  .   b - +2 cloak
rCorr    .         Harm     .   F - +0 pair of gloves
MR       +....     Rnd*Tele +   h - +0 pair of boots
Stlth    ..........             s - amulet of regeneration (curse)
HPRegen  1.15/turn              B - +5 ring of slaying
MPRegen  0.17/turn              X - ring of poison resistance

@: studying Earth Magic
A: change form in water, swift swim, stealthy swim, claws 1, thin metallic
scales 1, blink, blurry vision 1, fire resistance 1, regeneration 1, robust 1,
strong 1, teleportitis 1, MP-powered wands
a: Blink, Renounce Religion


You were on level 4 of the Abyss.
You worshipped Xom.
You were a beloved toy of Xom.
You were completely stuffed.

You visited 4 branches of the dungeon, and saw 24 of its levels.
You visited the Abyss 1 time.
You also visited: Volcano.

You collected 2580 gold pieces.
You spent 878 gold pieces at shops.

Inventory:

Hand Weapons
 a - a +1 trident of freezing
 k - the +7 bardiche "Rengo" {protect, rC+ SInv Stlth-}
   (You took it off an orc knight on level 1 of the Orcish Mines)

   It grants its wielder temporary protection when it strikes (+7 to AC).
   It protects you from cold.
   It lets you see invisible.
   It makes you less stealthy.
 G - a +7 glaive of chopping (weapon)
 O - the +7 war axe of Honour {flame, *Drain Str+2 Stlth+}
   (You found it on level 6 of the Lair of Beasts)

   It has been specially enchanted to burn those struck by it, causing extra
   injury to most foes and up to half again as much damage against particularly
   susceptible opponents.
   Big, fiery blades are also staple armaments of hydra-hunters.
   It affects your strength (+2).
   It causes draining when unequipped.
   It makes you more stealthy.
Missiles
 o - 9 silver boomerangs
 w - 61 boomerangs (quivered)
Armour
 b - a +2 cloak (worn)
 h - a +0 pair of boots (worn)
 D - a +2 plate armour of fire resistance (worn)
 F - a +0 pair of gloves (worn)
 H - a +2 helmet (worn)
Jewellery
 s - a cursed amulet of regeneration (around neck)
 A - an uncursed ring of protection from magic
 B - a +5 ring of slaying (left hand)
 J - an uncursed ring of protection from cold
 U - an uncursed ring of protection from fire
 X - a ring of poison resistance (right hand)
 Y - an uncursed ring of protection from magic
Wands
 m - a wand of paralysis (6)
 t - a wand of enslavement (21)
 u - a wand of random effects (49)
 y - a wand of polymorph (27)
 C - a wand of iceblast (8)
 L - a wand of flame (23)
 W - a wand of disintegration (18)
Scrolls
 e - 15 scrolls of remove curse
 f - 10 scrolls of teleportation
 q - a scroll of enchant armour
 v - 6 scrolls of amnesia
 x - 3 scrolls of fog
 E - a scroll of brand weapon
 I - 2 scrolls of immolation
 R - 11 scrolls of identify
 V - a scroll of magic mapping
Potions
 d - 3 potions of haste
 i - 2 potions of brilliance
 j - 4 potions of might
 n - 7 potions of curing
 r - 2 potions of lignification
 z - 4 potions of mutation
 N - 3 potions of agility
 Q - 2 potions of invisibility
 Z - 2 potions of cancellation
Books
 p - a manual of Earth Magic
Miscellaneous
 l - a phantom mirror
 K - a sack of spiders
 T - a lamp of fire
Comestibles
 c - 46 rations


   Skills:
 - Level 17.0 Fighting
 + Level 20.7 Polearms
 + Level 11.6 Armour
 - Level 10.0 Dodging
   Level 4.0 Shields
 - Level 7.0 Evocations


You had 15 spell levels left.
You didn't know any spells.
Your spell library contained the following spells:

 Spells                   Type           Power        Failure   Level  Hunger
 Animate Skeleton         Necr           N/A          99%         1    ##.....
 Apportation              Tloc           #.....       99%         1    ##.....
 Confusing Touch          Hex            #.....       99%         1    ##.....
 Flame Tongue             Conj/Fire      #....        99%         1    ##.....
 Sandblast                Erth           #.....       99%         1    ##.....
 Sting                    Conj/Pois      #...         99%         1    ##.....
 Summon Butterflies       Summ           #.......     99%         1    ##.....
 Summon Small Mammal      Summ           #...         99%         1    ##.....
 Passwall                 Tmut/Erth      #.......     100%        2    ###....
 Poisonous Vapours        Pois/Air       #.....       100%        2    ###....
 Throw Flame              Conj/Fire      #.....       100%        2    ###....
 Conjure Flame            Conj/Fire      #.......     100%        3    ####...
 Inner Flame              Hex/Fire       #.......     100%        3    ####...
 Lesser Beckoning         Tloc           #.........   100%        3    ####...
 Mephitic Cloud           Conj/Pois/Air  #.......     100%        3    ####...
 Static Discharge         Conj/Air       #.......     100%        3    ####...
 Stone Arrow              Conj/Erth      #.....       100%        3    ####...
 Tukima's Dance           Hex            #.......     100%        3    ####...
 Cause Fear               Hex            #.........   100%        4    #####..
 Olgreb's Toxic Radiance  Pois           #.......     100%        4    #####..
 Petrify                  Tmut/Erth      #.......     100%        4    #####..
 Sticky Flame             Conj/Fire      #.......     100%        4    #####..
 Alistair's Intoxication  Tmut/Pois      #.......     100%        5    ######.
 Fireball                 Conj/Fire      #.........   100%        5    ######.
 Lee's Rapid Deconstruct  Erth           #.........   100%        5    ######.
 Lightning Bolt           Conj/Air       #.........   100%        5    ######.
 Silence                  Hex/Air        #.........   100%        5    ######.
 Venom Bolt               Conj/Pois      #.........   100%        5    ######.
 Yara's Violent Unravell  Hex/Tmut       #.........   100%        5    ######.
 Deflect Missiles         Chrm/Air       #.........   100%        6    #######
 Invisibility             Hex            #.......     100%        6    #######
 Discord                  Hex            #.........   100%        8    #######
 Ignition                 Fire           #.........   100%        8    #######
 Shatter                  Erth           #.........   100%        9    #######
 Tornado                  Air            #.........   100%        9    #######


Dungeon Overview and Level Annotations

Branches:
Dungeon (15/15)            Temple (0/1) D:4            Lair (6/6) D:8
  Swamp (1/4) Lair:3       Spider (0/4) Lair:3        Slime (0/5) Lair:5
    Orc (2/2) D:11            Elf (0/3) Orc:2        Vaults (0/5) D:13
 Depths (0/5) D:15

Altars:
Fedhas
Makhleb
Trog
Xom
Beogh
Jiyva

Shops:
D:10 (   D:11 [   D:14 *   Orc:2 !}[(


Innate Abilities, Weirdness & Mutations

You revert to your normal form in water.
You are very nimble and swift while swimming.
You are very stealthy in the water. (Stealth+)
You have sharp fingernails.
You are partially covered in thin metallic scales. (AC +2)
You can translocate small distances at will.
Scrolls take you a little longer to read.
Your flesh is heat resistant. (rF+)
Your natural rate of healing is unusually fast.
You are robust. (+10% HP)
Your muscles are strong. (Str +2)
You are occasionally teleported next to monsters.
You expend magic power (3 MP) to strengthen your wands.


Message History

You hold your ground!
The balrug closely misses you.
The sun demon hits you but does no damage.
The sun demon hits you.
* * * LOW HITPOINT WARNING * * *
You are engulfed in flames.
You resist.
* * * LOW HITPOINT WARNING * * *
The thrashing horror tramples you but does no damage.
The thrashing horror closely misses you.
Okay, then.
You feel much better.
The thrashing horror tramples you but does no damage. x2
The balrug hits you with a +4 demon whip.
* * * LOW HITPOINT WARNING * * *
You are engulfed in flames.
You resist.
* * * LOW HITPOINT WARNING * * *
The sun demon hits you!!
* * * LOW HITPOINT WARNING * * *
You are engulfed in flames.
You resist.
You die...
Xom thinks this is hilarious!

...#..≈≈..#. .
.........≈#.#..
.. . .≈≈≈ #.#.#
#.....##.#..#...
..#.#
#....#..####
...##
#.#..≈#....> ..
#.#.#≈♣#...##
..#..≈≈§♣33..#
##..≈≈≈#§@#
#...≈≈≈..#2XX.#
. .≈≈≈....X..##
..≈≈≈.# .#....4
.≈≈≈.#
.#...##..# ≈≈≈.#
.. #... ..# ≈##
##. .###. ... #.
# . ..


You could see a balrug, 2 sun demons, 3 thrashing horrors and a red devil.

Vanquished Creatures
  Kirke (D:15)
  An orc warlord (Orc:1)
  Nessos (D:15)
  A dire elephant (D:15)
  Snorg (D:10)
  An ogre mage (D:15)
  2 hydras
  3 vault guards (D:13)
  A merfolk avatar (Lair:6)
  Erica (D:10)
  4 centaur warriors
  12 two-headed ogres
  6 death yaks (Lair:4)
  4 alligators (Swamp:1)
  A hell knight (Volcano)
  Urug (Orc:2)
  3 orc high priests (Orc:2)
  2 tengu warriors (D:14)
  4 skeletal warriors (D:14)
  A fire crab (Lair:3)
  An unseen horror (D:14)
  2 sea snakes
  3 orc knights
  4 wizards (D:13)
  3 orc sorcerers
  A necromancer (D:13)
  4 manticores
  2 ugly things
  A moth of wrath (Orc:1)
  3 oklob plants (Lair:2)
  A salamander (D:15)
  3 cyclopes
  17 elephants
  A deep elf mage (D:12)
  9 black mambas
  A water nymph (Lair:6)
  4 centaur zombies
  A smoke demon (Abyss:4)
  11 spiny frogs
  9 komodo dragons
  A rime drake (shapeshifter) (Lair:1)
  2 ice devils (Lair:6)
  A demonic crawler (Abyss:3)
  8 rime drakes (Lair:6)
  A yaktaur (D:15)
  4 trolls
  An ancient zyme (Abyss:3)
  5 polar bears
  A tyrant leech (Swamp:1)
  4 hornets
  Grinder (D:3)
  A raiju (Abyss:3)
  16 blink frogs
  A wind drake (Lair:6)
  2 bog bodies (Lair:3)
  15 hippogriffs
  A centaur simulacrum (D:14)
  54 yaks
  2 vampires
  A basilisk (shapeshifter) (D:13)
  2 wyverns
  A spriggan (D:7)
  A basilisk (Lair:1)
  Eustachio (D:6)
  5 hogs (D:15)
  3 hungry ghosts
  13 humans (D:13)
  10 vampire mosquitoes
  A steam dragon (D:12)
  Menkaure (D:5)
  2 acid dragons
  5 wargs
  18 water moccasins
  9 porcupines
  2 eyes of draining
  2 necrophages (D:7)
  A black bear (D:8)
  28 orc warriors
  2 sky beasts
  A tengu (D:5)
  12 centaurs
  2 phantoms
  11 wolves
  16 ogres
  14 crocodiles
  2 big kobolds
  12 bullfrogs
  A water moccasin skeleton (D:6)
  3 scorpions
  3 killer bees (D:10)
  13 wights
  5 howler monkeys
  8 crimson imps
  A small abomination (Abyss:3)
  3 jellies
  26 orc priests
  3 bullfrog skeletons
  6 centaur skeletons
  8 hounds
  5 iguanas
  Jessica (D:3)
  22 orc wizards
  7 worker ants
  Terence (D:3)
  2 hound skeletons
  A mummy (D:7)
  2 worker ant zombies
  3 gnolls (Orc:1)
  A howler monkey skeleton (D:10)
  10 adders
  A shadow imp (D:7)
  An adder skeleton (D:8)
  3 adder zombies
  2 worms
  A dart slug (D:1)
  4 leopard geckos
  87 orcs
  A ball python (D:1)
  2 bats (D:1)
  3 giant cockroaches
  2 goblins
  6 hobgoblins
  6 jackals
  17 kobolds
  5 quokkas
  8 frilled lizards
  A jackal skeleton (D:7)
  A quokka skeleton (D:4)
  4 rats
  2 fungi
  3 plants
726 creatures vanquished.

Vanquished Creatures (collateral kills)
  A two-headed ogre (D:15)
  A sea snake (Orc:1)
  A deep elf mage (D:15)
  A troll (Orc:2)
  4 yaks
  3 humans (D:13)
  2 orc warriors
  2 ogres (D:15)
  2 crocodiles (Lair:5)
  A hound (D:5)
  A worker ant (D:5)
  An adder (D:5)
  A leopard gecko (D:5)
  An orc (Orc:2)
  A quokka skeleton (D:5)
23 creatures vanquished.

Vanquished Creatures (others)
  A hydra (D:15)
  A dancing weapon (D:13)
  The ghost of Qurchuept the Transmogrifier, a journeyman FeVM of Gozag (Orc:1)
  A deep troll (Orc:1)
  A troll (Orc:1)
  A basilisk (D:15)
  A bush (Lair:6)
  8 fungi
  13 plants
28 creatures vanquished.

Grand Total: 777 creatures vanquished

Notes
Turn   | Place    | Note
-------+----------+-------------------------------------------
     0 | D:1      | GordonOverkill the Merfolk Chaos Knight began the quest for
                  | the Orb.
     0 | D:1      | Reached XP level 1. HP: 18/18 MP: 1/1
    60 | D:1      | Reached XP level 2. HP: 24/24 MP: 2/2
   287 | D:1      | Reached skill level 1 in Armour
   324 | D:1      | Reached skill level 5 in Polearms
   388 | D:1      | You fall into a shaft and drop 1 floor!
   718 | D:2      | Reached XP level 3. HP: 22/29 MP: 3/3
   871 | D:2      | XOM: enchant monster (bad)
   878 | D:2      | HP: 1/29 [centaur skeleton (3)]
   883 | D:2      | Reached XP level 4. HP: 23/37 MP: 4/4
   964 | D:2      | XOM: mild Hex miscast
  1136 | D:2      | Reached skill level 6 in Polearms
  1148 | D:2      | Reached XP level 5. HP: 35/42 MP: 5/5
  1333 | D:2      | Found a faded altar of an unknown god.
  1396 | D:2      | XOM: god gift: ring mail {god gift}
  1624 | D:3      | HP: 1/42 [orc priest/nerve-wracking pain (6)]
  1936 | D:3      | Noticed Jessica
  1939 | D:3      | XOM: harmless Summ miscast
  1939 | D:3      | XOM: butterfly on damage
  1945 | D:3      | XOM: scenery: create altars
  1950 | D:3      | Killed Jessica
  2102 | D:3      | XOM: give mutations
  2102 | D:3      | Gained mutation: You are somewhat resistant to further
                  | mutation. [Xom's grace]
  2102 | D:3      | Gained mutation: Your muscles are strong. (Str +2) [Xom's
                  | grace]
  2162 | D:3      | Noticed Terence
  2171 | D:3      | XOM: cast spell 'Alistair's Intoxication'
  2182 | D:3      | XOM: scenery: create altars
  2183 | D:3      | Killed Terence
  2183 | D:3      | Reached XP level 6. HP: 40/49 MP: 6/6
  2471 | D:3      | Noticed Grinder
  2475 | D:3      | Killed Grinder
  2475 | D:3      | Reached skill level 7 in Polearms
  2475 | D:3      | Reached skill level 1 in Evocations
  2657 | D:4      | Found a staircase to the Ecumenical Temple.
  2685 | D:4      | Reached XP level 7. HP: 55/55 MP: 7/7
  2707 | D:4      | XOM: god gift: runed great sword {god gift}
  2924 | D:4      | XOM: cast spell 'Shadow Creatures'
  3282 | D:5      | Entered Level 5 of the Dungeon
  3282 | D:5      | XOM: summons friendly quasit
  3291 | D:5      | Reached skill level 8 in Polearms
  3291 | D:5      | Reached skill level 5 in Dodging
  3434 | D:5      | XOM: medium Necr miscast
  3462 | D:5      | XOM: polymorph ogre -> tengu
  3470 | D:5      | Reached skill level 5 in Fighting
  3757 | D:5      | Found a blossoming altar of Fedhas.
  3760 | D:5      | XOM: confuse monster(s)
  3761 | D:5      | XOM: scenery: create altars
  3786 | D:5      | You fall into a shaft and drop 1 floor!
  3817 | D:6      | XOM: summons 4 friendly demons
  3824 | D:6      | Reached XP level 8. HP: 51/62 MP: 9/9
  3910 | D:5      | Reached skill level 9 in Polearms
  3941 | D:5      | Noticed Menkaure
  3949 | D:5      | Killed Menkaure
  4087 | D:5      | Found a burning altar of Makhleb.
  4177 | D:6      | Noticed Eustachio
  4182 | D:6      | XOM: noise
  4212 | D:6      | XOM: confuse monster(s)
  4233 | D:6      | XOM: cast spell 'Necromutation'
  4235 | D:6      | XOM: potion effect (curing)
  4255 | D:6      | XOM: potion effect (might)
  4273 | D:6      | Killed Eustachio
  4283 | D:6      | XOM: harmless Necr miscast
  4380 | D:6      | Reached skill level 10 in Polearms
  4469 | D:6      | XOM: harmless Conj miscast
  4620 | D:6      | Noticed a hippogriff
  4630 | D:6      | XOM: potion effect (might)
  4631 | D:6      | Killed a hippogriff
  4631 | D:6      | Reached XP level 9. HP: 57/69 MP: 11/11
  4897 | D:7      | XOM: divination: detect items
  5159 | D:7      | Reached skill level 11 in Polearms
  5159 | D:7      | XOM: mild Ice miscast
  5168 | D:7      | XOM: potion effect (might)
  5204 | D:7      | XOM: confuse monster(s)
  5317 | D:7      | XOM: divination: magic mapping
  5369 | D:7      | XOM: silly message
  5548 | D:8      | Noticed a komodo dragon
  5560 | D:8      | Found a staircase to the Lair.
  5579 | D:8      | XOM: mild Necr miscast
  5583 | D:8      | XOM: smoke on damage
  5588 | D:8      | Killed a komodo dragon
  5588 | D:8      | Reached skill level 12 in Polearms
  5824 | D:8      | XOM: confuse monster(s)
  5828 | D:8      | Reached skill level 5 in Evocations
  5870 | D:8      | Noticed a two-headed ogre
  5880 | D:8      | XOM: butterfly on damage
  5897 | D:8      | Killed a two-headed ogre
  5897 | D:8      | Reached skill level 13 in Polearms
  5897 | D:8      | Reached XP level 10. HP: 39/79 MP: 13/13
  6111 | D:8      | XOM is BORED!
  6111 | D:8      | XOM: give mutation
  6111 | D:8      | Lost mutation: You are somewhat resistant to further
                  | mutation. [Xom's mischief]
  6352 | D:8      | XOM: mild Pois miscast
  6532 | D:8      | XOM: harmless Fire miscast
  6681 | D:9      | XOM: potion effect (haste)
  6681 | D:9      | Paralysed by a hornet for 1 turns
  6703 | D:9      | Reached skill level 14 in Polearms
  6882 | D:9      | XOM: fog
  6910 | D:9      | XOM: harmless Ice miscast
  6921 | D:9      | XOM: cleaving
  6925 | D:9      | XOM: summons friendly iron imp
  6926 | D:9      | XOM: summons 2 friendly demons
  6931 | D:9      | Reached skill level 10 in Fighting
  7351 | D:10     | Entered Level 10 of the Dungeon
  7365 | D:10     | XOM: cleaving
  7392 | D:10     | Reached XP level 11. HP: 65/91 MP: 14/14
  7467 | D:10     | Noticed a two-headed ogre
  7471 | D:10     | Killed a two-headed ogre
  7642 | D:10     | Noticed Snorg
  7643 | D:10     | XOM: enchant monster (good)
  7679 | D:10     | Killed Snorg
  7679 | D:10     | Reached skill level 5 in Armour
  7685 | D:10     | XOM: confuse monster(s)
  7801 | D:10     | XOM: scenery: create altars
  7898 | D:10     | Found Duidusu's Antique Weapon Shop.
  7950 | D:10     | XOM: enchant monster (bad)
  7951 | D:10     | XOM: noise
  8002 | D:10     | XOM: mild Tloc miscast
  8179 | D:10     | XOM: enchant monster (good)
  8183 | D:10     | XOM: blink monster(s)
  8196 | D:10     | XOM: confusion (+ monsters)
  8203 | D:10     | XOM: harmless Ice miscast
  8213 | D:10     | XOM: harmless Tloc miscast
  8326 | D:10     | Noticed Erica
  8386 | D:10     | Killed Erica
  8430 | D:10     | XOM: divination: detect creatures
  8660 | D:11     | Noticed a green ugly thing
  8666 | D:10     | XOM: cast spell 'Call Canine Familiar'
  8671 | D:10     | XOM: divination: magic mapping
  8677 | D:10     | Killed a green ugly thing
  8938 | D:11     | Found Tyeph's Armour Boutique.
  8962 | D:11     | Found a staircase to the Orcish Mines.
  8995 | D:11     | Noticed a two-headed ogre
  8997 | D:11     | XOM: confusion (+ monsters)
  9000 | D:11     | XOM: enchant monster (good)
  9026 | D:11     | Killed a two-headed ogre
  9026 | D:11     | Reached XP level 12. HP: 57/102 MP: 14/16
  9120 | D:11     | XOM: 2-stop teleportation journey
  9161 | D:11     | XOM: silly message
  9164 | D:11     | XOM: cast spell 'Metabolic Englaciation'
  9241 | D:11     | XOM: 1-stop teleportation journey
  9451 | D:11     | XOM: scenery: create altars
 10075 | D:12     | XOM: god gift: 4 rations
 10159 | D:12     | XOM: cloud trail
 10237 | D:12     | Noticed a soul eater
 10374 | D:12     | Noticed a two-headed ogre
 10377 | D:12     | XOM: harmless Conj miscast
 10395 | D:12     | Killed a two-headed ogre
 10410 | D:12     | Noticed a two-headed ogre
 10416 | D:12     | XOM: noise
 10421 | D:12     | Killed a two-headed ogre
 10441 | D:12     | XOM: summons friendly shadow imp
 10444 | D:12     | XOM: enchant monster (good)
 10453 | D:12     | XOM: divination: detect items
 10455 | D:12     | Reached skill level 15 in Polearms
 10772 | D:13     | Noticed a two-headed ogre
 10776 | D:13     | XOM: cast spell 'Summon Small Mammal'
 10792 | D:12     | XOM: divination: magic mapping
 10793 | D:12     | XOM: summons 2 friendly demons
 10795 | D:12     | XOM: confuse monster(s)
 10800 | D:12     | Killed a two-headed ogre
 10955 | Lair:1   | Entered Level 1 of the Lair of Beasts
 10982 | Lair:1   | XOM: polymorph spiny frog -> shapeshifter
 11085 | Lair:1   | Found a dark tunnel.
 11095 | Volcano  | Entered a volcano
 11167 | Volcano  | Noticed a hell knight
 11174 | Volcano  | Killed a hell knight
 11242 | Volcano  | Noticed a centaur warrior
 11253 | Volcano  | Killed a centaur warrior
 11398 | Lair:1   | XOM: summons friendly quasit
 11416 | Lair:1   | XOM: cast spell 'Chain of Chaos'
 11437 | Lair:1   | XOM: mild Erth miscast
 11448 | Lair:1   | XOM: mild Hex miscast
 11573 | Lair:1   | XOM: summons 6 hostile demons
 11772 | Lair:1   | Reached XP level 13. HP: 98/111 MP: 17/17
 11850 | Lair:1   | XOM: enchant monster (good)
 12045 | Lair:1   | XOM: noise
 12056 | Lair:2   | Reached skill level 1 in Shields
 12071 | Lair:2   | XOM: cast spell 'Cause Fear'
 12257 | Lair:2   | XOM: harmless Pois miscast
 12270 | Lair:2   | Reached skill level 10 in Dodging
 12551 | Lair:2   | XOM: cast spell 'Statue Form'
 12578 | Lair:2   | XOM: divine lightning
 12601 | Lair:2   | XOM: summons friendly ufetubus
 12603 | Lair:2   | XOM: summons 2 friendly demons
 13154 | Lair:3   | XOM: polymorph elephant -> fire crab
 13176 | Lair:3   | Reached skill level 16 in Polearms
 13177 | Lair:3   | XOM: 3-stop teleportation journey
 13180 | Lair:3   | XOM: cleaving
 13188 | Lair:3   | XOM: 2-stop teleportation journey
 13326 | Lair:3   | Found a staircase to the Swamp.
 13332 | Lair:3   | XOM: harmless Ice miscast
 13461 | Lair:3   | XOM: give mutations
 13461 | Lair:3   | Gained mutation: You tend to lose your temper in combat.
                  | [Xom's mischief]
 13461 | Lair:3   | Gained mutation: Your natural rate of healing is unusually
                  | fast. [Xom's mischief]
 13545 | Lair:3   | XOM: harmless Chrm miscast
 13592 | Lair:3   | XOM: mild Conj miscast
 13727 | Lair:3   | Found a hole to the Spider Nest.
 13759 | Lair:3   | XOM: divination: magic mapping
 14103 | Lair:4   | XOM: harmless Pois miscast
 14116 | Lair:4   | XOM: potion effect (might)
 14117 | Lair:4   | XOM: potion effect (agility)
 14152 | Lair:4   | XOM: noise
 14170 | Lair:4   | XOM: divination: magic mapping
 14181 | Lair:4   | XOM: cast spell 'Summon Ice Beast'
 14332 | Lair:4   | XOM: cast spell 'Call Canine Familiar'
 14336 | Lair:4   | XOM: divination: magic mapping
 14347 | Lair:4   | XOM: summons friendly white imp
 14368 | Lair:4   | XOM: summons 8 friendly demons
 14371 | Lair:4   | XOM: divination: detect items
 14375 | Lair:4   | XOM: potion effect (brilliance)
 14382 | Lair:4   | Reached skill level 17 in Polearms
 14390 | Lair:4   | Reached XP level 14. HP: 121/121 MP: 19/19
 15102 | Lair:5   | XOM: summons 5 friendly demons
 15149 | Lair:5   | Reached skill level 15 in Fighting
 15163 | Lair:5   | XOM: cast spell 'Death Channel'
 15174 | Lair:5   | XOM: divination: detect items
 15260 | Lair:5   | XOM is BORED!
 15328 | Lair:5   | Found a staircase to the Slime Pits.
 15328 | Lair:5   | Found a viscous altar of Jiyva.
 15521 | Lair:5   | Upgraded the game from 0.24-a0-539-g6aae15eeb0 to
                  | 0.24-a0-545-gd1b266bae6
 15809 | Lair:5   | XOM: give mutations
 15809 | Lair:5   | Gained mutation: Scrolls take you a little longer to read.
                  | [Xom's mischief]
 15809 | Lair:5   | Gained mutation: You expend magic power (3 MP) to
                  | strengthen your wands. [Xom's mischief]
 15809 | Lair:5   | Lost mutation: You tend to lose your temper in combat.
                  | [Xom's mischief]
 15845 | Lair:6   | Entered Level 6 of the Lair of Beasts
 15847 | Lair:6   | XOM: enchant monster (good)
 15966 | Lair:6   | XOM: god gift: 27 gold pieces
 15997 | Lair:6   | XOM: cast spell 'Metabolic Englaciation'
 16011 | Lair:6   | XOM: fog
 16028 | Lair:5   | XOM: confuse monster(s)
 16034 | Lair:5   | Reached skill level 18 in Polearms
 16127 | Lair:6   | XOM: harmless Erth miscast
 16135 | Lair:5   | XOM: medium Erth miscast
 16219 | Lair:5   | XOM: give mutations
 16219 | Lair:5   | Gained mutation: Your magical capacity is low. (-10% MP)
                  | [Xom's mischief]
 16219 | Lair:5   | Gained mutation: Scrolls take you longer to read. [Xom's
                  | mischief]
 16219 | Lair:5   | Lost mutation: Your muscles are strong. (Str +2) [Xom's
                  | mischief]
 16358 | Lair:6   | XOM: summons friendly crimson imp
 16389 | Lair:6   | XOM: polymorph crimson imp -> quasit
 16485 | Lair:6   | XOM: polymorph sea snake -> water nymph
 16517 | Lair:6   | XOM: potion effect (curing)
 16678 | Lair:6   | XOM: potion effect (brilliance)
 16837 | Lair:6   | Reached skill level 19 in Polearms
 16882 | Lair:6   | XOM: summons 7 hostile demons
 16884 | Lair:6   | Gained mutation: You are dopey. (Int -2) [a neqoxec]
 16921 | Lair:6   | XOM: confusion (+ monsters)
 16935 | Lair:6   | XOM: mild Conj miscast
 17022 | Lair:6   | XOM: smoke on damage
 17022 | Lair:6   | XOM: torment (64/125 hp)
 17194 | Lair:6   | XOM: harmless Conj miscast
 17204 | Lair:6   | XOM: give mutations
 17204 | Lair:6   | Gained mutation: You occasionally shout uncontrollably at
                  | your foes. [Xom's mischief]
 17204 | Lair:6   | Gained mutation: You are weak. (Str -2) [Xom's mischief]
 17204 | Lair:6   | Lost mutation: You are weak. (Str -2) [Xom's mischief]
 17398 | Lair:6   | XOM: 2-stop teleportation journey
 17424 | Lair:6   | XOM: summons 2 hostile shadow creatures
 17486 | Lair:5   | XOM: stat loss: -1 Dex (13/14)
 17709 | Lair:6   | XOM: swap monsters
 17711 | Lair:6   | XOM: 1-stop teleportation journey
 17852 | Lair:6   | Got a scorched war axe
 17853 | Lair:6   | Identified the +7 war axe of Honour {flame, *Drain Str+2
                  | Stlth+} (You found it on level 6 of the Lair of Beasts)
 18120 | D:11     | XOM: summons 7 hostile demons
 18177 | D:11     | XOM: harmless Pois miscast
 18237 | D:13     | Reached skill level 20 in Polearms
 18278 | D:13     | Reached XP level 15. HP: 126/131 MP: 18/18
 18284 | D:13     | XOM: give mutations
 18284 | D:13     | Lost mutation: Your magical capacity is low. (-10% MP)
                  | [Xom's mischief]
 18284 | D:13     | Lost mutation: Scrolls take you longer to read. [Xom's
                  | mischief]
 18284 | D:13     | Gained mutation: You are occasionally teleported next to
                  | monsters. [Xom's mischief]
 18293 | D:13     | XOM: noise
 18435 | D:13     | XOM: confusion
 18796 | D:13     | XOM: butterfly on damage
 19101 | D:13     | XOM: mild Air miscast
 19115 | D:13     | Found a gate to the Vaults.
 19121 | D:13     | XOM: give mutation
 19121 | D:13     | Lost mutation: You occasionally shout uncontrollably at
                  | your foes. [Xom's mischief]
 19290 | D:14     | XOM: fog
 19510 | D:14     | XOM: enchant monster (good)
 19513 | D:14     | XOM: summons friendly white imp
 19530 | D:14     | XOM: scenery: 1 doors open
 19592 | D:14     | Found Joghyh's Assorted Antiques.
 19595 | D:14     | XOM: potion effect (agility)
 19631 | D:14     | Bought a scroll of teleportation for 78 gold pieces
 19631 | D:14     | Bought a scroll labeled VIEFEJ WAFF for 26 gold pieces
 19786 | D:14     | XOM: confuse monster(s)
 19873 | D:13     | XOM: harmless Air miscast
 20066 | D:14     | XOM: enchant monster (good)
 20198 | D:14     | XOM: divination: magic mapping
 20270 | D:14     | XOM: harmless Tmut miscast
 20332 | D:15     | Entered Level 15 of the Dungeon
 20349 | D:15     | XOM: potion effect (haste)
 20436 | D:15     | Noticed Kirke
 20579 | D:15     | XOM: give mutations
 20579 | D:15     | Gained mutation: You are robust. (+10% HP) [Xom's grace]
 20579 | D:15     | Gained mutation: You are partially covered in thin metallic
                  | scales. (AC +2) [Xom's grace]
 20607 | D:15     | Noticed Nessos
 20612 | D:15     | Killed Nessos
 20714 | D:15     | Killed Kirke
 20714 | D:15     | Reached skill level 10 in Armour
 20724 | D:15     | XOM: give mutations
 20724 | D:15     | Gained mutation: Your flesh is heat resistant. (rF+) [Xom's
                  | grace]
 20724 | D:15     | Gained mutation: You have sharp fingernails. [Xom's grace]
 20724 | D:15     | Gained mutation: You can translocate small distances at
                  | will. [Xom's grace]
 20773 | D:15     | XOM: divine lightning
 20798 | D:15     | XOM: cleaving
 20885 | D:15     | Found a staircase to the Depths.
 20949 | D:15     | XOM: cast spell 'Summon Dragon'
 20955 | D:15     | XOM: scenery: create altars
 21214 | Orc:1    | Entered Level 1 of the Orcish Mines
 21238 | Orc:1    | XOM: fog
 21340 | Orc:1    | XOM: cloud trail
 21424 | Orc:1    | Found a transporter.
 21452 | Orc:1    | Found a bloodstained altar of Trog.
 21452 | Orc:1    | Noticed Qurchuept's ghost (journeyman FeVM)
 21453 | Orc:1    | Identified the +7 bardiche "Rengo" {protect, rC+ SInv
                  | Stlth-}
 21462 | Orc:1    | Found a transporter.
 21474 | Orc:1    | XOM: medium Air miscast
 21481 | Orc:1    | Reached XP level 16. HP: 155/155 MP: 21/21
 21504 | Orc:1    | XOM: medium Pois miscast
 21793 | Orc:1    | XOM: god gift: 27 gold pieces
 21798 | Orc:1    | XOM: scenery: create altars
 21849 | Orc:1    | XOM: cast spell 'Leda's Liquefaction'
 21852 | Orc:1    | XOM: enchant monster (bad)
 21860 | Orc:1    | XOM: cast spell 'Metabolic Englaciation'
 21866 | Orc:1    | XOM: polymorph two-headed ogre -> sea snake
 21871 | Orc:1    | Killed Qurchuept's ghost
 21932 | Orc:1    | XOM: god gift: scroll of torment
 22037 | Orc:2    | Entered Level 2 of the Orcish Mines
 22170 | Orc:2    | Found a roughly hewn altar of Beogh.
 22283 | Orc:2    | Found a roughly hewn altar of Beogh.
 22284 | Orc:2    | Found Zufogeang's Gadget Shoppe.
 22290 | Orc:2    | XOM: scenery: create altars
 22300 | Orc:2    | XOM: potion effect (heal wounds)
 22464 | Orc:2    | Found a roughly hewn altar of Beogh.
 22465 | Orc:2    | Found Toummef's Distillery.
 22475 | Orc:2    | Noticed Urug
 22483 | Orc:2    | Found a staircase to the Elven Halls.
 22495 | Orc:2    | Killed Urug
 22665 | Orc:2    | XOM: summons 9 friendly demons
 22669 | Orc:2    | XOM: confuse monster(s)
 22673 | Orc:2    | XOM: summons 3 friendly demons
 22691 | Orc:2    | XOM: noise
 22692 | Orc:2    | XOM: summons 2 friendly demons
 22723 | Orc:2    | XOM: chaos upgrade
 22837 | Orc:2    | Found Dopsi's Antique Weapon Emporium.
 22838 | Orc:2    | Found a roughly hewn altar of Beogh.
 22840 | Orc:2    | Found Xuesheip's Antique Armour Shoppe.
 22920 | Orc:2    | Found a roughly hewn altar of Beogh.
 22991 | Orc:2    | Found a roughly hewn altar of Beogh.
 23060 | Orc:2    | Bought a potion of agility for 72 gold pieces
 23060 | Orc:2    | Bought a potion of cancellation for 144 gold pieces
 23060 | Orc:2    | Bought a potion of invisibility for 144 gold pieces
 23060 | Orc:2    | Bought a potion of haste for 180 gold pieces
 23060 | Orc:2    | Bought a potion of heal wounds for 90 gold pieces
 23060 | Orc:2    | Bought a potion of mutation for 144 gold pieces
 23406 | Swamp:1  | XOM: noise
 23406 | Swamp:1  | Entered Level 1 of the Swamp
 23468 | Swamp:1  | XOM: repel stairs
 23469 | Swamp:1  | Noticed a tentacled monstrosity
 23479 | Swamp:1  | XOM: noise
 23480 | Swamp:1  | Cast into level 3 of the Abyss (spriggan rider)
 23518 | Abyss:3  | Found a snail-covered altar of Cheibriados.
 23634 | Abyss:3  | XOM: summons 8 hostile demons
 23696 | Abyss:3  | XOM: chaos cloud
 23717 | Abyss:3  | XOM: cleaving
 23719 | Abyss:3  | XOM: summons 3 friendly demons
 23732 | Abyss:4  | XOM: give mutations
 23732 | Abyss:4  | Lost mutation: You are dopey. (Int -2) [Xom's grace]
 23732 | Abyss:4  | Gained mutation: Your muscles are strong. (Str +2) [Xom's
                  | grace]
 23770 | Abyss:4  | XOM: divination: magic mapping
 23774 | Abyss:4  | HP: 7/155 [sun demon[a balrug] (4)]
 23775 | Abyss:4  | HP: 1/155 [sun demon[a balrug] (18)]
 23775 | Abyss:4  | Slain by a sun demon

Levels and vault maps discovered:
D:1:      minmay_arrival_three_doors, layout_loops_ring
D:2:      layout_basic, chequers_ecumenical_altar_grove,
          grunt_decor_mini_mirrors
D:3:      layout_basic, first_ration, uniq_jessica, uniq_grinder, uniq_terence
D:4:      layout_loops_ring, minmay_temple_entry_nine_rooms
D:5:      layout_cave_pools, makhleb_blood_cavern_becter, fedhas_altar_2,
          uniq_menkaure
D:6:      layout_basic, uniq_eustachio
D:7:      layout_basic, serial_undead, serial_undead_d, serial_undead_d,
          serial_undead_c, serial_undead_e, serial_undead_f, serial_undead_a,
          serial_undead_c, serial_undead_b, the_bakery, corner_web_ring
D:8:      layout_basic, david_lair_shrubbed
D:9:      layout_rooms, chequers_jeans, nooodl_food_tri
D:10:     layout_loops_corners, serial_shops, shop, uniq_erica, uniq_snorg
D:11:     layout_rooms, orc_0_dummy, serial_curves, eino_curves_02,
          eino_curves_01, eino_curves_01, eino_curves_03, serial_shops, shop,
          minmay_lindwurm_lava
D:12:     layout_rooms
D:13:     layout_big_octagon, grunt_vaults_entry_tiered
D:14:     layout_gridville, serial_shops, nicolae_shop_statue_plus,
          hangedman_abyss_or_decor_jellyfish_corner
D:15:     hangedman_depths_entry_try_elsewhere_first, layout_rooms,
          chequers_serial_rivers_micro_a, uniq_kirke, uniq_nessos
Lair:1:   layout_loops_ring, enter_volcano_1, minmay_stone_trees_medium,
          beast_lair_carwin_11
Lair:2:   layout_roguey, wad_woods_river_03, serial_bayou_shore_b,
          minmay_lair_oklob_chamber, lemuel_fruit_fields, grunt_megastairs_3
Lair:3:   layout_cave_pods, skrybe_swamp_entry_bodies, dummy_spider_entry
Lair:4:   layout_regular_city, serial_bayou_crossing
Lair:5:   layout_regular_city, slime_altar_1
Lair:6:   gammafunk_lair_ancient_temple, layout_cave_pods,
          portal_ice_cave_demonic_guard, infiniplex_staircase_pool
Swamp:1:  cheibrodos_swamp_monstrosity, layout_falls_marsh,
          gammafunk_ghost_mausoleum, nicolae_swamp_triple_paths,
          infiniplex_staircase_pool_2
Orc:1:    layout_caves, gammafunk_ghost_wrathful_warriors
Orc:2:    grunt_orc_community_town_hall, layout_diamond_mine,
          grunt_orc_community_big_house_1, grunt_orc_community_big_house_1,
          grunt_orc_community_house_3, grunt_orc_community_house_3,
          grunt_orc_community_house_3, grunt_orc_community_house_2,
          nicolae_orc_flooded_monolith, guppyfry_library_mini, uniq_urug
Abyss:4:  patterned_corridor, hangedman_abyss_batty_box, evilmike_abyss_exit_16

Skill      XL: |  1  2  3  4  5  6  7  8  9 10 11 12 13 14 15 16 |
---------------+-------------------------------------------------+-----
Dodging        | 3 4 5 6 7 8 9 10 | 10.0
Armour         | 1 2 3 4 6 7 8 10 11 | 11.6
Polearms       | 5 6 7 8 10 13 14 15 17 20 | 20.7
Fighting       | 4 5 6 7 10 12 13 14 16 17 | 17.0
Evocations     | 1 2 3 5 6 7 |  7.0
Shields        | 4 |  4.0

Action                   |  1- 3 |  4- 6 |  7- 9 | 10-12 | 13-15 | 16-18 || total
-------------------------+-------+-------+-------+-------+-------+-------++-------
Melee: Spear             |    25 |       |       |       |       |       ||    25
       Hand axe          |    44 |   110 |   177 |       |       |       ||   331
       Trident           |       |       |   322 |   853 |  1894 |       ||  3069
       Tailslap          |       |       |       |       |     4 |     1 ||     5
       Glaive            |       |       |       |       |   152 |   302 ||   454
       Unarmed           |       |       |       |       |     7 |       ||     7
       War axe           |       |       |       |       |     2 |       ||     2
Throw: Stone             |     5 |     5 |     4 |     1 |       |       ||    15
       Javelin           |       |       |     1 |     2 |       |       ||     3
       Boomerang         |       |       |       |    19 |    25 |     3 ||    47
Evoke: Wand              |       |     5 |    18 |     6 |     5 |       ||    34
       Lamp of fire      |       |       |       |       |     2 |       ||     2
  Use: Potion            |     2 |       |       |     7 |     7 |     5 ||    21
       Scroll            |       |       |    13 |     5 |    18 |     2 ||    38
 Stab: Sleeping          |     1 |       |       |       |       |       ||     1
       Confused          |       |       |     7 |     8 |     3 |     3 ||    21
       Petrifying        |       |       |       |     2 |     3 |       ||     5
       Paralysed         |       |       |       |       |     1 |       ||     1
       Distracted        |       |       |       |       |     3 |       ||     3
       Petrified         |       |       |       |       |     4 |       ||     4
  Eat: Chunk             |       |     5 |    14 |    22 |    28 |     6 ||    75
       Ration            |       |       |       |       |     2 |     3 ||     5
Armor: Leather armour    |    14 |    24 |       |       |       |       ||    38
       Plate armour      |       |     4 |   297 |   277 |   378 |   152 ||  1108
       Chain mail        |       |       |       |    43 |   475 |       ||   518
       Skin              |       |       |       |       |     1 |       ||     1
Dodge: Dodged            |    38 |    72 |   141 |   206 |   637 |   120 ||  1214
Block: Buckler           |       |       |       |     5 |   241 |       ||   246

Table legend:
 A = Non-vault XP
 B = Vault XP
 C = Vault XP percentage of total XP
 D = Non-vault monster count
 E = Vault monster count
 F = Vault count percentage of total count
                 A         B        C        D         E       F
            +---------+---------+-------+---------+---------+-------
      Total |  101006 |   49034 |  32.7 |     561 |     186 |  24.9
            +---------+---------+-------+---------+---------+-------
        D:1 |      31 |       0 |   0.0 |      18 |       0 |   0.0
        D:2 |     179 |       0 |   0.0 |      16 |       0 |   0.0
        D:3 |      63 |     341 |  84.4 |      11 |       3 |  21.4
        D:4 |     149 |       0 |   0.0 |      17 |       0 |   0.0
        D:5 |     574 |     205 |  26.3 |      16 |       2 |  11.1
        D:6 |     786 |     191 |  19.5 |      20 |       1 |   4.8
        D:7 |     477 |     660 |  58.0 |      13 |       8 |  38.1
        D:8 |    1683 |     367 |  17.9 |      13 |       1 |   7.1
        D:9 |    2466 |     647 |  20.8 |      24 |       6 |  20.0
       D:10 |    4980 |    2091 |  29.6 |      30 |       2 |   6.2
       D:11 |    5358 |       0 |   0.0 |      26 |       0 |   0.0
       D:12 |    5043 |       0 |   0.0 |      42 |       0 |   0.0
       D:13 |    4337 |    8978 |  67.4 |      32 |      25 |  43.9
       D:14 |   11986 |       0 |   0.0 |      35 |       0 |   0.0
       D:15 |    7859 |    7700 |  49.5 |      20 |      11 |  35.5
     Lair:1 |    4035 |     552 |  12.0 |      17 |       3 |  15.0
     Lair:2 |    2877 |    2118 |  42.4 |      12 |       6 |  33.3
     Lair:3 |    4712 |     506 |   9.7 |      15 |       2 |  11.8
     Lair:4 |   12432 |       0 |   0.0 |      35 |       0 |   0.0
     Lair:5 |    8199 |    1039 |  11.2 |      33 |       2 |   5.7
     Lair:6 |   10566 |   10076 |  48.8 |      38 |      29 |  43.3
    Swamp:1 |    4350 |       0 |   0.0 |       8 |       0 |   0.0
      Orc:1 |    3812 |    3642 |  48.9 |      33 |      12 |  26.7
      Orc:2 |    2679 |    7703 |  74.2 |      32 |      67 |  67.7
    Abyss:3 |     964 |       0 |   0.0 |       4 |       0 |   0.0
    Abyss:4 |     409 |       0 |   0.0 |       1 |       0 |   0.0
    Volcano |       0 |    2218 | 100.0 |       0 |       6 | 100.0
            +---------+---------+-------+---------+---------+-------
